 Dungeon Crawl Stone Soup version 0.23-a0-169-gb21e695 (webtiles) character file.

2909 grindst0ne the Fighter (level 9, -4/88 HPs)
             Began as a Naga Warper on Sept 11, 2018.
             Was a Priest of Cheibriados.
             Slain by a wyvern zombie (11 damage)
             ... on level 7 of the Dungeon.
             The game lasted 00:16:35 (8489 turns).

grindst0ne the Fighter (Naga Warper)                Turns: 8489, Time: 00:16:36

Health: -4/88      AC: 10    Str: 21    XL:     9   Next: 78%
Magic:  21/21      EV:  6    Int: 20    God:    Cheibriados [***...]
Gold:   389        SH:  7    Dex: 28    Spells: 10/12 levels left

rFire    . . .     SeeInvis +   k - +9 morningstar of the Sun {flame, *Drain Dex+7}
rCold    . . .     Gourm    .   s - +0 buckler
rNeg     . . .     Faith    .   A - +0 chain mail
rPois    +         Spirit   .   G - +1 helmet
rElec    .         Reflect  .   (no cloak)
rCorr    .         Harm     .   H - +0 pair of gloves (curse)
MR       +....                  (no barding)
Stlth    ..........             (no amulet)
HPRegen  0.24/turn              o - ring of magical power
MPRegen  0.17/turn              (no ring)

@: drained, very slow
A: large, see invisible, deformed body, poison resistance, slowness 2, slow
metabolism 1, spit poison 1, AC +3
a: Spit Poison, Bend Time, Temporal Distortion, Renounce Religion


You were on level 7 of the Dungeon.
You worshipped Cheibriados.
Cheibriados was most pleased with you.
You were hungry.

You visited 2 branches of the dungeon, and saw 8 of its levels.

You collected 389 gold pieces.

Inventory:

Hand Weapons
 a - a +0 war axe of venom
 k - the +9 morningstar of the Sun (weapon) {flame, *Drain Dex+7}
   (You found it on level 6 of the Dungeon)

   It has been specially enchanted to burn those struck by it, causing extra
   injury to most foes and up to half again as much damage against particularly
   susceptible opponents.
   It affects your dexterity (+7).
   It causes draining when unequipped.
 B - the +4 hand axe of Amorality {chop, rElec Str+10 Int-4 Stlth-}
   (You found it on level 4 of the Dungeon)

   It inflicts extra damage upon your enemies.
   It affects your strength (+10).
   It affects your intelligence (-4).
   It insulates you from electricity.
   It makes you less stealthy.
Missiles
 p - 16 tomahawks (quivered)
Armour
 b - a +0 leather armour
 g - a +0 ring mail
 s - a +0 buckler (worn)
 A - a +0 chain mail (worn)
 G - a +1 helmet (worn)
 H - a cursed +0 pair of gloves (worn)
 K - a +0 plate armour
Jewellery
 o - a ring of magical power (left hand)
Wands
 q - a wand of acid (6)
 u - a wand of flame (16)
Scrolls
 c - 3 scrolls of remove curse
 d - a scroll of blinking
 h - a scroll of fog {unknown}
 i - 3 scrolls of teleportation
 m - a scroll of enchant armour {unknown}
 t - a scroll of enchant weapon {unknown}
 C - a scroll of noise {unknown}
 D - a scroll of fear {unknown}
 I - 3 scrolls of amnesia {unknown}
Potions
 j - a potion of curing
 l - a potion of lignification {unknown}
 n - 3 potions of agility {unknown}
 r - 2 potions of flight
 v - a potion of mutation {unknown}
 x - 2 potions of might
 z - a potion of brilliance {unknown}
 F - a potion of resistance {unknown}
 J - a potion of haste {unknown}
Comestibles
 f - 7 rations


   Skills:
 + Level 8.1(7.3) Fighting
 * Level 5.4(4.6) Maces & Flails
 - Level 0.8(0.2) Throwing
 - Level 0.7(0.0) Armour
 - Level 1.5(0.9) Dodging
 - Level 7.0(6.2) Shields
 - Level 2.0(1.3) Spellcasting
 - Level 5.0(4.2) Translocations


You had 10 spell levels left.
You knew the following spells:

 Your Spells              Type           Power        Failure   Level  Hunger
a - Blink                 Tloc           N/A          45%         2    ###....

Your spell library contained the following spells:

 Spells                   Type           Power        Failure   Level  Hunger
 Gell's Gravitas          Tloc           ###.......   69%         3    ####...
 Lesser Beckoning         Tloc           ###.......   69%         3    ####...
 Teleport Other           Tloc           ###.....     69%         3    ####...
 Shroud of Golubria       Chrm/Tloc      #.........   77%         2    ###....
 Passage of Golubria      Tloc           N/A          97%         4    #####..


Dungeon Overview and Level Annotations

Branches:
Dungeon (7/15)             Temple (1/1) D:5

Altars:
Cheibriados
Elyvilon
Gozag
Kikubaaqudgha
Makhleb
Okawaru
Ru
Sif Muna
Trog
Uskayaw
Xom
Yredelemnul
Zin
The Shining One

Shops:
D:5 =

Annotations:
D:5 exclusion: downstairs


Innate Abilities, Weirdness & Mutations

You cannot wear boots.
Your serpentine skin is tough. (AC +3)
You have supernaturally acute eyesight. (SInv)
Armour fits poorly on your strangely shaped body.
Your system is resistant to poisons. (rPois)
You cover ground very slowly.
You have a slow metabolism.
You can spit poison.


Message History

The wyvern zombie barely misses you. You block the adder's attack.
You sock the adder! You burn the adder.
You kill the adder!
Cheibriados thoroughly appreciates the change of pace.
The wyvern zombie bites you.
* * * LOW HITPOINT WARNING * * *
The wyvern zombie bites you.
* * * LOW HITPOINT WARNING * * *
You bludgeon the wyvern zombie!! You burn the wyvern zombie.
The wyvern zombie is heavily damaged.
The wyvern zombie bites you but does no damage.
The wyvern zombie bites you.
* * * LOW HITPOINT WARNING * * *
You hit the wyvern zombie. You burn the wyvern zombie.
The wyvern zombie is heavily damaged.
The wyvern zombie bites you but does no damage.
Your chain mail prevents you from hitting the wyvern zombie.
The wyvern zombie is heavily damaged.
The wyvern zombie bites you!
You die...

(..............>........
####....................
#....................
#...............#....
#########...............
#.....# #..........#....
.......##...#...........
........................
.......@#...##...##...##
.......Z#...#...........
..>.....#####..........#
........# #..........#
)........ ...........#
........# #.....)....#
........# #......<...#
........# ##.###>)#.##
..###....#


You could see a wyvern zombie.

Vanquished Creatures
  2 hippogriffs (D:7)
  Menkaure (D:7)
  Duvessa (D:6)
  A water moccasin (D:5)
  A sky beast (D:7)
  2 ice beasts
  4 orc warriors
  4 ogres
  2 bullfrogs (D:6)
  A wyvern zombie (D:5)
  Dowan (D:6)
  A bullfrog zombie (D:3)
  A crimson imp (D:6)
  5 orc wizards
  7 orc priests
  4 hounds
  2 jellies (D:5)
  A bullfrog skeleton (D:4)
  3 worker ants
  2 iguanas
  A killer bee zombie (D:5)
  A hound zombie (D:7)
  A hound skeleton (D:5)
  3 worker ant zombies
  Robin (D:4)
  3 adders
  A howler monkey skeleton (D:5)
  3 worms
  3 leopard geckos
  25 orcs
  5 giant cockroaches
  10 goblins
  10 hobgoblins
  6 jackals
  2 quokkas
  10 bats
  3 frilled lizards
  A jackal skeleton (D:6)
  12 kobolds
  7 rats
  A plant (D:3)
155 creatures vanquished.

Vanquished Creatures (others)
  A plant (D:3)
1 creature vanquished.

Grand Total: 156 creatures vanquished

Notes
Turn   | Place    | Note
-------+----------+-------------------------------------------
     0 | D:1      | grindst0ne the Naga Warper began the quest for the Orb.
     0 | D:1      | Reached XP level 1. HP: 19/19 MP: 3/3
   251 | D:1      | Reached XP level 2. HP: 15/27 MP: 5/5
   477 | D:1      | Reached skill level 3 in Fighting
   730 | D:1      | Reached XP level 3. HP: 20/34 MP: 6/6
  1266 | D:2      | Found a bloodstained altar of Trog.
  1399 | D:2      | Learned a level 2 spell: Blink
  1751 | D:3      | Reached skill level 4 in Fighting
  1751 | D:3      | Reached skill level 1 in Shields
  1751 | D:3      | Reached XP level 4. HP: 9/44 MP: 7/7
  3081 | D:4      | Got a polished hand axe
  3095 | D:4      | Identified the +4 hand axe of Amorality {chop, rElec Str+10
                  | Int-4 Stlth-} (You found it on level 4 of the Dungeon)
  3330 | D:4      | Reached XP level 5. HP: 34/50 MP: 8/8
  3607 | D:4      | Found a hide-covered altar of Uskayaw.
  3657 | D:4      | Noticed Robin
  3691 | D:4      | Killed Robin
  3966 | D:4      | Reached XP level 6. HP: 48/58 MP: 9/9
  4229 | D:5      | Entered Level 5 of the Dungeon
  4335 | D:5      | Reached skill level 5 in Fighting
  4465 | D:5      | Found a staircase to the Ecumenical Temple.
  4475 | Temple   | Entered the Ecumenical Temple
  4515 | Temple   | Became a worshipper of Cheibriados the Contemplative
  4643 | D:5      | Noticed a water moccasin
  4659 | D:5      | Killed a water moccasin
  4659 | D:5      | Reached XP level 7. HP: 49/67 MP: 10/10
  5428 | D:5      | Reached skill level 5 in Shields
  5570 | D:5      | Reached skill level 6 in Fighting
  5570 | D:5      | Reached XP level 8. HP: 31/76 MP: 11/11
  5903 | D:5      | Found Ungomoic's Jewellery Emporium.
  6097 | D:6      | Reached * piety under Cheibriados
  6644 | D:6      | Noticed Dowan
  6647 | D:6      | Noticed Duvessa
  6670 | D:6      | Killed Duvessa
  6674 | D:6      | Killed Dowan
  6882 | D:6      | Found a shimmering altar of Xom.
  7330 | D:6      | Found an opulent altar of Gozag.
  7359 | D:6      | Reached ** piety under Cheibriados
  7377 | D:6      | Reached skill level 7 in Fighting
  7802 | D:6      | Reached XP level 9. HP: 76/86 MP: 12/12
  8036 | D:6      | Got a bloodstained morningstar
  8037 | D:6      | Identified the +9 morningstar of the Sun {flame, *Drain
                  | Dex+7} (You found it on level 6 of the Dungeon)
  8308 | D:7      | Reached skill level 5 in Translocations
  8374 | D:7      | Reached *** piety under Cheibriados
  8438 | D:7      | Noticed Menkaure
  8441 | D:7      | Killed Menkaure
  8483 | D:7      | Reached skill level 8 in Fighting
  8483 | D:7      | Reached skill level 5 in Maces & Flails
  8489 | D:7      | Slain by a wyvern zombie

Vault maps used:
D:1:      minmay_arrival_up_and_down, st_stairs_14
D:2:      bloody_trog, guppyfry_early_lair_pool
D:3:      first_ration, lexackson_kobold_supper
D:4:      eat_drink_and_be_merry_uskayaw, uniq_robin
D:5:      temple_pool_b, serial_shops, nicolae_shop_stone
D:6:      cheibrodos_helix_gallery, nicolae_gozag_seed_capital, basic_altar,
          uniq_duvessa
D:7:      interstate_on_off, uniq_menkaure
Temple:   hc_temple_tempest_star

Skill      XL: |  1  2  3  4  5  6  7  8  9 |
---------------+----------------------------+-----
Fighting       | 3 4 5 6 7 8 |  8.1
Shields        | 1 2 4 5 7 |  7.0
Translocations | 4 5 |  5.0
Maces & Flails | 5 |  5.4
Throwing       | |  0.8
Armour         | |  0.7
Dodging        | |  1.5
Spellcasting   | |  2.0

Action                   |  1- 3 |  4- 6 |  7- 9 || total
-------------------------+-------+-------+-------++-------
Melee: Mace              |   119 |   118 |       ||   237
       Hand axe          |       |    78 |   169 ||   247
       Morningstar       |       |       |    67 ||    67
Throw: Tomahawk          |       |    11 |    16 ||    27
 Abil: Spit Poison       |     8 |    14 |    28 ||    50
  Use: Scroll            |       |     1 |     7 ||     8
       Potion            |       |       |     6 ||     6
 Stab: Sleeping          |     1 |       |       ||     1
  Eat: Chunk             |     1 |     6 |     6 ||    13
       Ration            |       |     1 |     1 ||     2
Armor: Leather armour    |    53 |       |       ||    53
       Ring mail         |    14 |    77 |    12 ||   103
       Chain mail        |       |       |   136 ||   136
Dodge: Dodged            |    89 |    91 |   106 ||   286
Block: Buckler           |     5 |    47 |    76 ||   128

Table legend:
 A = Non-vault XP
 B = Vault XP
 C = Vault XP percentage of total XP
 D = Non-vault monster count
 E = Vault monster count
 F = Vault count percentage of total count
                 A         B        C        D         E       F
            +---------+---------+-------+---------+---------+-------
      Total |    3685 |     471 |  11.3 |     128 |      26 |  16.9
            +---------+---------+-------+---------+---------+-------
        D:1 |      38 |       3 |   7.3 |      24 |       2 |   7.7
        D:2 |      19 |       0 |   0.0 |      10 |       0 |   0.0
        D:3 |      77 |      13 |  14.4 |      14 |       8 |  36.4
        D:4 |     177 |      32 |  15.3 |       7 |      11 |  61.1
        D:5 |     845 |       0 |   0.0 |      16 |       0 |   0.0
        D:6 |    1354 |     248 |  15.5 |      39 |       4 |   9.3
        D:7 |    1175 |     175 |  13.0 |      18 |       1 |   5.3
            +---------+---------+-------+---------+---------+-------
